 Dungeon Crawl Stone Soup version 0.27.0-1-g7a089689b8 (webtiles) character file.

Game seed: 7748861696291124147

11 ZombieSheep the Skirmisher (level 2, 0/30 HPs)
             Began as a Gargoyle Berserker on Aug 9, 2021.
             Was a Follower of Trog.
             Slain by a goblin (2 damage)
             ... on level 2 of the Dungeon.
             The game lasted 00:01:35 (1267 turns).

ZombieSheep the Skirmisher (Gargoyle Berserker)     Turns: 1267, Time: 00:01:36

Health: 0/30       AC:  7    Str: 20    XL:     2   Next: 25%
Magic:  2/2        EV: 11    Int:  7    God:    Trog [*.....]
Gold:   26         SH:  0    Dex:  9    Spells: 1/1 levels left

rFire    . . .     SeeInvis .   a - +0 mace
rCold    . . .     Faith    .   (no shield)
rNeg     + . .     Spirit   .   b - +0 animal skin
rPois    ∞         Reflect  .   h - +0 helmet
rElec    +         Harm     .   e - +0 cloak
rCorr    .         Rampage  .   (no gloves)
Will     .....                  (no boots)
Stlth    ..........             (no amulet)
HPRegen  0.10/turn              (no ring)
MPRegen  0.08/turn              (no ring)

@: berserking, very quick
A: sickness immunity, AC +2, negative energy resistance 1, electricity
resistance, torment resistance 1, petrification resistance
a: Renounce Religion, Berserk


You were on level 2 of the Dungeon.
You worshipped Trog.
Trog was aware of your devotion.
You visited 1 branch of the dungeon, and saw 2 of its levels.

You collected 26 gold pieces.

Inventory:

Hand Weapons
 a - a +0 mace (weapon)
 c - a +0 morningstar
Armour
 b - a +0 animal skin (worn)
 e - a +0 cloak (worn)
 h - a +0 helmet (worn)
Scrolls
 f - a scroll of magic mapping


   Skills:
 + Level 3.7 Fighting
 + Level 3.3 Maces & Flails
 - Level 2.1 Armour
 - Level 1.5 Dodging


You had one spell level left.
You didn't know any spells.
Your spell library was empty.

Dungeon Overview and Level Annotations

Branches:
Dungeon (2/15)

Altars:


Innate Abilities, Weirdness & Mutations

You are immune to sickness and miasma.
Your stone body is resilient. (AC +2)
You are immune to poison.
You resist negative energy. (rN+)
You are resistant to electric shocks. (rElec)
You are resistant to unholy torment.
You are immune to petrification.


Message History

The hobgoblin hits you but does no damage.
You bludgeon the ball python!!
You kill the ball python!
Trog accepts your kill.
You hit the hobgoblin.
The hobgoblin is moderately wounded.
The adder bites you but does no damage. The hobgoblin barely misses you.
The endoplasm completely misses you.
A kobold comes into view. It is wielding a +0 short sword.
You sock the hobgoblin!
You kill the hobgoblin!
Trog accepts your kill. The adder barely misses you.
The worm barely misses you. The endoplasm hits you.
The endoplasm closely misses you.
You closely miss the adder. The adder bites you but does no damage.
The rat barely misses you.
The goblin unwields a +2 hunting sling of flaming.
It stops flaming.
The goblin wields a +0 club.
The goblin barely misses you. The endoplasm freezes you.
You are frozen.
* * * LOW HITPOINT WARNING * * *
The endoplasm barely misses you. The adder bites you but does no damage.
You miss the adder. The worm closely misses you. The adder barely misses you.
The rat twitches its whiskers.
The rat bites you but does no damage. The endoplasm freezes you.
You are frozen.
* * * LOW HITPOINT WARNING * * *
The endoplasm freezes you.
You are frozen.
* * * LOW HITPOINT WARNING * * *
You closely miss the adder. The goblin hits you with a +0 club.
* * * LOW HITPOINT WARNING * * *
The adder misses you. The endoplasm closely misses you.
The worm closely misses you. The endoplasm hits you.
* * * LOW HITPOINT WARNING * * *
The rat bites you but does no damage.
Unknown command.
You barely miss the adder. The goblin hits you with a +0 club.
You die...

.... ..(..#
.... .....#
..... (....#
..... ##K....##
...............
..(...#........
#...g.†.....?
#...S@J....>.
......wrJ......
..#.....w......
...............
..#[...........
. #......(.....
...........<.
..............


You could see 2 worms, an adder, 2 endoplasms, a goblin, a kobold and a rat.

Vanquished Creatures
  A bat (D:1)
  A goblin (D:1)
  3 hobgoblins
  2 ball pythons
  A frilled lizard (D:1)
  2 kobolds (D:1)
10 creatures vanquished.

Notes
Turn   | Place    | Note
-------+----------+-------------------------------------------
     0 | D:1      | ZombieSheep the Gargoyle Berserker began the quest for the
                  | Orb.
     0 | D:1      | Reached XP level 1. HP: 14/14 MP: 1/1
   118 | D:1      | Found a faded altar of an unknown god.
   515 | D:1      | Reached XP level 2. HP: 15/19 MP: 2/2
  1267 | D:2      | Slain by a goblin

Illustrated notes

Levels and vault maps discovered:
D:1:      matt_arrival_los_fun, layout_basic, serial_forest,
          infiniplex_forest_lined_room_3, infiniplex_forest_lined_corner,
          infiniplex_forest_zigzag_1, infiniplex_forest_lined_3_way,
          infiniplex_forest_split, infiniplex_forest_pool,
          infiniplex_forest_straight_2, infiniplex_forest_straight_5,
          infiniplex_forest_lined_ring, infiniplex_forest_end_1,
          basic_ecumenical_altar, wad_floor_pattern_untrapped
D:2:      layout_rooms, serial_bayou_crossing

Action                   || total
-------------------------++-------
Melee: Mace              ||    36
Invok: Berserk           ||     3
  Use: Scroll            ||     2
Armor: Animal skin       ||    25
Dodge: Dodged            ||    32
